 Dungeon Crawl Stone Soup version 0.22-a0-322-g60b3cfd (webtiles) character file.

109 BrocoLee the Chopper (level 5, -1/52 HPs)
             Began as a Halfling Abyssal Knight on Apr 4, 2018.
             Was a Follower of Lugonu.
             Slain by a phantom (9 damage)
             ... on level 2 of the Dungeon.
             The game lasted 00:04:41 (2059 turns).

BrocoLee the Chopper (Halfling Abyssal Knight)      Turns: 2059, Time: 00:04:42

Health: -1/52      AC:  3    Str: 18    XL:     5   Next: 13%
Magic:  6/6        EV: 15    Int: 10    God:    Lugonu [*.....]
Gold:   115        SH:  0    Dex: 15    Spells: 4/4 levels left

rFire    . . .     SeeInvis .   a - +1 hand axe
rCold    . . .     Gourm    .   (shield restricted)
rNeg     . . .     Faith    .   b - +0 leather armour
rPois    .         Spirit   .   (no helmet)
rElec    .         Reflect  .   (no cloak)
rCorr    .         Harm     .   (no gloves)
MR       .....                  (no boots)
Stlth    ..........             (no amulet)
HPRegen  0.17/turn              (no ring)
MPRegen  0.10/turn              (no ring)

@: berserking, very quick
A: small, mutation resistance 1
a: Depart the Abyss, Renounce Religion


You were on level 2 of the Dungeon.
You worshipped Lugonu.
Lugonu was aware of your devotion.
You were hungry.

You visited 1 branch of the dungeon, and saw 2 of its levels.
You visited the Abyss 1 time.

You collected 115 gold pieces.

Inventory:

Hand Weapons
 a - a +1 hand axe (weapon)
Armour
 b - a +0 leather armour (worn)
Scrolls
 d - 2 scrolls of remove curse {unknown}
 e - 4 scrolls of identify {unknown}
 f - a scroll of teleportation {unknown}
 g - 3 scrolls of fog {unknown}
 h - a scroll of noise {unknown}
 i - a scroll of fear
 k - a scroll of amnesia {unknown}
Comestibles
 c - 3 rations


   Skills:
 - Level 2.6 Fighting
 * Level 3.7 Axes
 + Level 3.2 Armour
 + Level 2.5 Dodging
 - Level 2.0 Invocations


You had 4 spell levels left.
You didn't know any spells.

Dungeon Overview and Level Annotations

Branches:
Dungeon (2/15)

Altars:
Cheibriados
Fedhas


Innate Abilities, Weirdness & Mutations

You are small and have problems with some larger weapons.
You are somewhat resistant to further mutation.


Message History

You kill the orc!
Lugonu accepts your kill.
You hit the orc. The orc hits you with a hand axe.
* * * LOW HITPOINT WARNING * * *
You take 4 damage, and have 5/35 hp.
It was a potion of berserk rage.
A red film seems to cover your vision as you go berserk!
You feel yourself moving faster!
You feel mighty! The orc misses you.
You now have 7/52 hp.
Unknown command.
You hit the orc.
You kill the orc!
Lugonu accepts your kill.
You closely miss the orc. You slash the orc!
You kill the orc!
Lugonu accepts your kill.
Items here: ))) [ †††† You completely miss the phantom.
The phantom hits you!
You die...

######### #........
#........ #..g..... ####
#........ ...###
#######........ ......
#..@W.......... ....####
##...##)(.....§...
.......##.#..###..##........
............ ##.###########
###.†...### #..# ##...#
##.## ....## #..# #[#.#
###.## #...########...#


You could see a phantom.

Vanquished Creatures
  6 adders
  An ooze (D:1)
  A worm (D:2)
  A dart slug (D:2)
  2 leopard geckos
  5 orcs (D:2)
  A ball python (D:1)
  A giant cockroach (D:1)
  5 goblins
  5 hobgoblins
  4 kobolds
  A quokka (D:2)
  3 bats
  3 frilled lizards
  3 rats
42 creatures vanquished.

Notes
Turn   | Place    | Note
-------+----------+-------------------------------------------
     0 | Abyss:1  | BrocoLee the Halfling Abyssal Knight began the quest for the Orb.
     0 | Abyss:1  | Reached XP level 1. HP: 15/15 MP: 2/2
    69 | Abyss:1  | Noticed an orange demon
    76 | Abyss:1  | Noticed a large abomination
    80 | D:1      | Escaped the Abyss
   205 | D:1      | Reached XP level 2. HP: 9/20 MP: 3/3
   348 | D:1      | Reached * piety under Lugonu
   649 | D:1      | Reached XP level 3. HP: 6/25 MP: 4/4
  1136 | D:2      | Found a snail-covered altar of Cheibriados.
  1372 | D:2      | Reached XP level 4. HP: 26/30 MP: 5/5
  1681 | D:2      | Found a blossoming altar of Fedhas.
  2010 | D:2      | Reached XP level 5. HP: 22/35 MP: 6/6
  2031 | D:2      | Noticed a phantom
  2059 | D:2      | Slain by a phantom

Vault maps used:
D:1:      kilobyte_arrival_exit_the_forest, serial_forest,
          infiniplex_forest_end_3, infiniplex_forest_clump_diagonal,
          infiniplex_forest_clump_small, infiniplex_forest_zigzag_2,
          infiniplex_forest_clump_long, infiniplex_forest_straight_2,
          infiniplex_forest_corner_1, infiniplex_forest_straight_1,
          infiniplex_forest_clump_large, infiniplex_forest_3_way
D:2:      kennysheep_slug_shrine, fedhas_altar_1

Skill      XL: |  1  2  3  4 |
---------------+-------------+-----
Axes           | 3 |  3.7
Dodging        | 2 |  2.5
Armour         | 3 |  3.2
Fighting       | |  2.6
Invocations    | |  2.0

Action                   |  1- 3 |  4- 6 || total
-------------------------+-------+-------++-------
Melee: Hand axe          |    79 |    73 ||   152
Invok: Depart the Abyss  |     1 |       ||     1
  Use: Potion            |       |     4 ||     4
       Scroll            |       |     1 ||     1
 Stab: Sleeping          |     1 |       ||     1
  Eat: Chunk             |     1 |     2 ||     3
Armor: Leather armour    |    13 |    20 ||    33
Dodge: Dodged            |    67 |    61 ||   128

Table legend:
 A = Spawn XP
 B = Non-spawn XP
 C = Spawn XP percentage of total XP
 D = Spawn monster count
 E = Non-spawn monster count
 F = Spawn count percentage of total count
 G = Total turns spent on level
                    A         B        C        D         E        F      G
               +---------+---------+-------+---------+---------+-------+---------
         Total |       0 |     157 |   0.0 |       0 |      42 |   0.0 |  2059
               +---------+---------+-------+---------+---------+-------+---------
           D:1 |       0 |      47 |   0.0 |       0 |      18 |   0.0 |  1204
           D:2 |       0 |     110 |   0.0 |       0 |      24 |   0.0 |   775
               +---------+---------+-------+---------+---------+-------+---------
